Cogmind - Beta 15 @@@ ROGUE MODE // 2025.06.07 @ 16:17:08 Player: 7604 Result: Destroyed by Lightning with EMDS Performance ------------- Evolutions (4) 2000 Regions Visited (8) 1600 Robots Destroyed (115) 575 Value Destroyed (4287) 4287 Prototype IDs (37) 740 Alien Tech Used (0) 0 Bonus (444) 444 TOTAL SCORE: 9646 Bonus ------- High Alert Combat Kills 563 Follower Combat Kills 1563 Network Hubs Disabled 200 Registered with UFD 300 Met Optimus in HQ 500 Built Enhanced Grunts 300 A7 Reached Mainframe 300 Met R17 at Cetus 500 Friendly Fire -3782 Cogmind --------- Core Integrity 0/850 Matter 8/300 Energy 121/290 System Corruption 50% Temperature Cool (0) Movement Immobile (Siege) Location -6/Hub_04(d) Parts ------- > --- POWER (1) -------- Reinforced Deuterium Engine > --- PROPULSION (5) --- Centrium Heavy Treads Centrium Heavy Treads > --- UTILITY (7) ------ Improved Target Analyzer Improved Phase Shifter Gun Armor Centrium Medium Armor Plating > --- WEAPON (2) ------- (None) > --- INVENTORY (5) ---- Structural Scanner Seismic Detector Makeshift Sword Peak State ------------ > --- POWER ------------ Quantum Reactor > --- PROPULSION ------- Medium Treads Centrium Heavy Treads Overtuned Huge Scrapsphere > --- UTILITY ---------- Scrap Suit High-capacity Storage Unit Improved Target Analyzer Gun Armor Centrium Medium Armor Plating Centrium Medium Armor Plating > --- WEAPON ----------- Overtuned Beamcaster Advanced Variable Charge Gun Hypervelocity Gauss Rifle Advanced KE Penetrator > --- INVENTORY -------- Reinforced Deuterium Engine Advanced Treads Advanced Treads Medium Treads Medium Treads Scrap Suit Improved Cooling System Structural Scanner Seismic Detector ECM Suite A0-MCA's Component Scanner High-powered Tractor Beam Hypervelocity Gauss Rifle Overtuned Coil Gun Advanced KE Penetrator Heavy Missile Launcher Datajack Makeshift Sword [Rating: 118] Favorites ----------- Power Subdweller Power Source Engine Subdweller Power Source Power Core Light Nuclear Core Reactor Quantum Reactor Propulsion Spiked Treads Treads Spiked Treads Leg Aluminum Leg Wheel Overtuned Huge Scrapsphere Utility Seismic Detector Device Seismic Detector Storage Large Storage Unit Processor Improved Target Analyzer Hackware Improved System Shield Protection Gun Armor Weapon Subdweller Machine Gun Energy Gun Overtuned Beamcaster Energy Cannon Heavy Plasma Cannon Ballistic Gun Subdweller Machine Gun Ballistic Cannon Gauss Cannon Launcher Heavy Missile Launcher Special Weapon Mining Laser Slashing Weapon Makeshift Sword Special Melee Weapon Datajack Build | -11 -10 -10 -9 -6 -6 -6 -6 -6 ------- Run | Yrd Mat Sub Scr Fac Ext Cet Arc Hub Slots Evolved 8 | . . . . 8 . . . . Power . | . . . . . . . . . Propulsion 3 | . . . . 3 . . . . Utility 5 | . . . . 5 . . . . Weapon . | . . . . . . . . . Parts Attached 104 | . 10 12 2 41 21 11 1 6 Power 11 | . 1 2 . 5 1 1 . 1 Engine 5 | . . 1 . 3 . . . 1 Core 3 | . 1 1 . 1 . . . . Reactor 3 | . . . . 1 1 1 . . Propulsion 26 | . 2 2 1 9 8 2 . 2 Treads 24 | . 2 2 1 7 8 2 . 2 Leg . | . . . . . . . . . Wheel 2 | . . . . 2 . . . . Hover . | . . . . . . . . . Flight . | . . . . . . . . . Utility 34 | . 3 1 . 16 7 5 1 1 Device 14 | . 1 1 . 7 3 . 1 1 Storage 2 | . 1 . . 1 . . . . Processor 2 | . . . . 2 . . . . Hackware 2 | . . . . 1 . 1 . . Protection 14 | . 1 . . 5 4 4 . . Artifact . | . . . . . . . . . Weapon 33 | . 4 7 1 11 5 3 . 2 Energy Gun 9 | . 1 3 . 3 . 1 . 1 Energy Cannon 1 | . . . . 1 . . . . Ballistic Gun 11 | . 1 2 . 2 3 2 . 1 Ballistic Cannon 3 | . . . . 3 . . . . Launcher 3 | . 1 1 . . 1 . . . Special Weapon 3 | . 1 . . 2 . . . . Impact Weapon . | . . . . . . . . . Slashing Weapon 2 | . . 1 . . 1 . . . Piercing Weapon . | . . . . . . . . . Special Melee Weapon 1 | . . . 1 . . . . . Unidentified Prototypes 8 | . . 1 . 2 . 4 . 1 Corrupted Parts 2 | . . . . . . . . 2 System Corruption 11 | . . . . . . . . 11 Parts Lost 31 | . . 1 . 16 1 . . 13 Power 3 | . . 1 . 1 . . . 1 Propulsion 10 | . . . . 6 1 . . 3 Utility 9 | . . . . 5 . . . 4 Weapon 9 | . . . . 4 . . . 5 Highest Loss Streak 13 | . . 1 . 3 1 . . 13 To Critical Strikes . | . . . . . . . . . Average Backups 14 | 6 8 14 13 16 18 17 17 16 Power 1 | 1 1 . 1 1 1 1 1 . Propulsion 1 | 4 1 1 1 1 2 2 2 1 Utility 4 | . 2 4 3 5 7 7 8 7 Weapon 5 | 1 3 6 6 6 5 4 5 4 Tool/Special . | . . . . . . . . . Unused Backups 47 | 8 3 10 9 4 4 5 . 4 Power 7 | 1 1 1 3 . 1 . . . Propulsion 12 | 4 2 1 2 1 . 2 . . Utility 11 | 1 . 5 1 . . 1 . 3 Weapon 16 | 2 . 3 3 3 3 2 . . Tool/Special 1 | . . . . . . . . 1 Average Slot Usage (%) 93 | . 99 99 99 87 81 80 81 79 Engine 7 | . 6 9 13 4 3 . . . Core 1 | . 7 4 . . . . . . Treads 22 | . 15 28 28 19 16 11 11 10 Leg 1 | . 12 . . . . . . . Wheel 2 | . . . . 6 5 5 5 4 Device 13 | . 8 13 14 16 12 8 10 10 Storage 10 | . 14 14 14 6 5 5 5 5 Processor 2 | . . . . 10 5 5 5 5 Protection 3 | . 4 . . 1 9 13 11 11 Energy Gun 6 | . 13 9 4 2 4 8 11 9 Ballistic Gun 10 | . 13 14 11 3 10 10 11 10 Slashing Weapon 1 | . . 3 . 2 . . . . Special Melee Weapon 3 | . . . 12 . . . . . Peak Build Rating 118 | 7 10 18 17 78 83 118 115 114 Average Rating 38 | 6 8 15 15 61 72 109 113 107 On Entrance 46 | 6 6 10 14 17 62 79 113 114 Naked Turns . | . . . . . . . . . Heaviest Build 104 | 13 31 40 34 104 84 103 99 98 Greatest Support 108 | 20 40 40 40 90 72 80 108 20 Greatest Overweight (x) 32 | . . . . 5 4 5 32 4 Average Overweight (x) . | . . . . 1 2 3 4 4 Largest Inventory Capacity 20 | 8 15 15 15 20 20 20 20 20 Average Capacity 16 | 8 11 15 15 18 20 20 20 19 Most Carried 20 | 8 13 15 15 20 20 20 20 20 Average Carried 15 | 6 8 14 14 17 19 19 20 19 Final Capacity 20 | 8 15 15 15 20 20 20 20 5 Final Carried 20 | 7 13 15 15 20 19 20 20 3 Class Distribution -------------------- 60% | Mutant 19% | Scavenger-Scrapper 13% | Scavenger-Mutant 3% | Derelict-Mutant Dominant Class ---------------- Mutant | -10/Materials Mutant | -10/Subcaves Mutant | -9/Scraptown Scavenger-Mutant | -6/Factory Scavenger-Scrapper | -6/Extension Scavenger-Scrapper | -6/Cetus Scavenger-Scrapper | -6/Archives Scavenger-Scrapper | -6/Hub_04(d) Resources | -11 -10 -10 -9 -6 -6 -6 -6 -6 ----------- Run | Yrd Mat Sub Scr Fac Ext Cet Arc Hub Matter Collected 4956 | 218 279 704 60 1534 1312 457 245 147 Remotely 917 | . . . . 917 . . . . Salvage Created 5314 | 61 436 273 . 1546 1936 341 175 546 Parts 317 | 12 29 15 . 86 99 24 13 39 Haulers Intercepted 2 | . 1 . . . 1 . . . Recyclers Shooed 6 | 1 . . . 4 1 . . . Parts Field Recycled . | . . . . . . . . . Retrieved Matter . | . . . . . . . . . Parts Self-Destructed 17 | . . 17 . . . . . . Prevented . | . . . . . . . . . Kills | -11 -10 -10 -9 -6 -6 -6 -6 -6 ------- Run | Yrd Mat Sub Scr Fac Ext Cet Arc Hub Combat Hostiles Destroyed 73 | . 9 4 . 26 22 3 2 7 Melee 1 | . . . . 1 . . . . Guns 55 | . 9 4 . 11 19 3 2 7 Cannons 8 | . . . . 8 . . . . AOE 8 | . . . . 5 3 . . . Classes Destroyed 19 | 1 4 4 . 7 1 . . 2 Worker 5 | . . . . 2 2 . . 1 Builder 8 | . . . . 5 1 . . 2 Tunneler 6 | 3 . . . . 3 . . . Hauler 2 | . 1 . . . 1 . . . Recycler 6 | . . . . 4 2 . . . Operator 2 | . . . . . 1 . 1 . Turret 2 | . . 2 . . . . . . Watcher 7 | . 3 . . 1 2 1 . . Swarmer 12 | . 3 1 . 4 3 . . 1 Grunt 28 | . 6 . . 12 10 . . . Brawler 5 | . . . . 2 2 . . 1 Duelist 1 | . . . . 1 . . . . Protector 1 | . . . . . . . . 1 Sentry 14 | . . 1 . 3 6 . 2 2 Programmer 4 | . . . . 3 . . . 1 Behemoth 2 | . . . . 1 1 . . . Cetus Guard 3 | . . . . . . 3 . . Enhanced Grunt 1 | . . . . . . . . 1 Lightning 1 | . . . . . . . . 1 Artisan 4 | . . 4 . . . . . . Subdweller 3 | . . 3 . . . . . . Thug 1 | . . . . . 1 . . . Best Kill Streak 16 | 2 3 3 . 16 6 3 2 5 Combat Bots Only 12 | . 3 1 . 12 3 3 2 3 Max Kills in Single Turn 3 | 1 1 1 . 2 3 3 1 2 Gunslinging 1 | . . . . . . . . 1 Exploded 2 | . . . . 2 2 . . . Melee 1 | . . . . 1 . . . . Uniques/NPCs Destroyed 1 | . . . . . . 1 . . A7 (-6/Cetus) Combat | -11 -10 -10 -9 -6 -6 -6 -6 -6 -------- Run | Yrd Mat Sub Scr Fac Ext Cet Arc Hub Hostile Shots Fired 841 | . 52 27 . 422 105 21 1 213 Missed 227 | . 12 3 . 139 35 7 . 31 Hits 614 | . 40 24 . 283 70 14 1 182 Melee 5 | . . . . 2 . . . 3 Projectile 609 | . 40 24 . 281 70 14 1 179 AOE 2 | . . . . 2 . . . . Critical Strikes 29 | . 2 1 . 9 . 1 . 16 Part Disruptions 2 | . . . . 1 . . . 1 Actively Blocked 1 | . . . . 1 . . . . Damage Taken 11302 | . 450 496 . 4436 748 323 55 4794 Core 1055 | . 92 99 . 494 29 . . 341 Absorbed by Shields 231 | . . . . 99 56 76 . . Reduced by Siege Mode 278 | . . . . . . 7 . 271 Redirected to Shielding 154 | . . . . 154 . . . . Ignored by Resistances 420 | . . . . 420 . . . . Regen/Repaired (Parts) 546 | . . . . 288 50 16 95 97 Core Remaining (%) 61 | 100 . . 23 . . . . . Volleys Fired 441 | 6 59 59 . 135 94 44 8 36 Largest 4 | 2 2 2 . 2 3 3 4 4 Hottest 245 | 60 100 100 . 165 165 166 245 245 Shots Fired 773 | 12 109 77 . 194 209 77 21 74 Gun 657 | 12 102 65 . 102 207 77 21 71 Cannon 86 | . . . . 86 . . . . Launcher 15 | . 1 4 . 5 2 . . 3 Special 15 | . 6 8 . 1 . . . . Kinetic 546 | 6 52 52 . 124 167 67 16 62 Thermal 203 | 6 56 8 . 69 40 10 5 9 Explosive 6 | . 1 . . . 2 . . 3 Electromagnetic 17 | . . 17 . . . . . . Robot Hit Streak 19 | 3 11 9 . 14 19 18 4 8 Robot Miss Streak 7 | 1 6 3 . 3 7 3 2 5 Penetration Max 2 | . . . . 1 1 2 1 1 Secondary Targets 8 | . 1 . . . 3 1 . 3 Max Gunslinging Chain 2 | . 1 . . . 1 1 . 2 Shots Hit Robots 505 | 8 57 38 2 146 144 64 10 36 Core Hits 244 | 4 26 14 . 67 74 26 6 27 Critical Kills 23 | . . . . 3 10 4 1 5 Critical Parts Destroyed 28 | . . . . 1 12 8 1 6 Critical Strikes 76 | . . . . 16 26 21 2 11 Burn 11 | . . . . 6 3 2 . . Meltdown 1 | . . . . 1 . . . . Destroy 58 | . . . . 3 23 19 2 11 Blast 4 | . . . . 4 . . . . Sever 2 | . . . . 2 . . . . Melee Attacks 41 | . . . 2 32 5 1 . 1 Impact . | . . . . . . . . . Slashing 31 | . . . . 30 . . . 1 Piercing . | . . . . . . . . . Sneak Attacks 15 | . . . 2 7 5 1 . . Combat Hostiles . | . . . . . . . . . Follow-up Attacks . | . . . . . . . . . Damage Inflicted 13226 | 95 685 835 . 5169 3745 1185 240 1272 Guns 8940 | 95 675 641 . 1791 3451 1185 240 862 Cannons 1963 | . . . . 1963 . . . . Explosions 1762 | . . 194 . 864 294 . . 410 Melee 509 | . . . . 509 . . . . Ramming 52 | . 10 . . 42 . . . . Kinetic 8972 | 41 359 703 . 3303 2753 960 153 700 Thermal 2857 | 54 316 . . 1315 698 225 87 162 Explosive 294 | . . . . . 294 . . . Electromagnetic 542 | . . 132 . . . . . 410 Impact . | . . . . . . . . . Slashing 509 | . . . . 509 . . . . Piercing . | . . . . . . . . . Highest Corruption 46 | . . . . 6 6 3 4 46 Average Corruption 4 | . . . . 3 5 3 3 20 Corruption Purged 7 | . . . . . 3 . 4 . Corruption Blocked . | . . . . . . . . . Effects 88 | . . . . 24 40 17 3 4 Message Errors 19 | . . . . 8 7 2 . 2 Matter Fused 24 | . . . . 7 8 5 3 1 Heat Flow Errors 10 | . . . . 2 4 4 . . Energy Discharges 8 | . . . . . 5 2 . 1 Parts Rejected 1 | . . . . . 1 . . . Parts Fused 1 | . . . . . 1 . . . Data Loss (minor) 13 | . . . . 4 7 2 . . Data Loss (major) 4 | . . . . 3 1 . . . Misfires 5 | . . . . . 3 2 . . Alerts 1 | . . . . . 1 . . . Weapon Failures 2 | . . . . . 2 . . . Overload Shots . | . . . . . . . . . Overflow Damage 217 | . . 10 . 138 69 . . . Projectiles 46 | . . . . 46 . . . . Explosions 108 | . . 10 . 29 69 . . . Melee 63 | . . . . 63 . . . . Knockbacks 9 | . . . . 9 . . . . Impact 1 | . . . . 1 . . . . Kinetic 8 | . . . . 8 . . . . Secondary . | . . . . . . . . . Self-Inflicted Damage 188 | . . . . 52 . . . 136 Shots 3 | . . . . 1 . . . 2 Rammed 5 | . 2 . . 3 . . . . Targets Rammed 7 | . 3 . . 4 . . . . Kicked 1 | . 1 . . . . . . . Crushed 1 | . . . . 1 . . . . Highest Temperature 285 | . 192 16 . 244 285 240 243 250 Average Temperature 76 | . 40 4 . 69 108 83 110 64 Received Heat Transfer 2239 | . 186 141 . 1561 252 9 . 90 Siege Activations 3 | . . . . . . 1 . 2 Total Turns 61 | . . . . . . 10 . 51 Longest Duration 26 | . . . . . . 10 . 26 Martial Activations . | . . . . . . . . . Shielding Activations . | . . . . . . . . . Robots Disrupted . | . . . . . . . . . Combat Hostiles . | . . . . . . . . . Robots Corrupted 1 | . . . . . . . . 1 Combat Hostiles . | . . . . . . . . . Parts Fried 4 | . . 1 . . . . . 3 Impact Corruptions . | . . . . . . . . . Robots Melted 2 | . . . . 2 . . . . Combat Hostiles 1 | . . . . 1 . . . . Parts Melted 9 | . . 3 . 5 . . . 1 Heat Transferred 6241 | 125 725 . . 3000 1500 575 124 192 Parts Sabotaged . | . . . . . . . . . Parts Stolen . | . . . . . . . . . Parts Stripped . | . . . . . . . . . Power Chain Reactions . | . . . . . . . . . Alert | -11 -10 -10 -9 -6 -6 -6 -6 -6 ------- Run | Yrd Mat Sub Scr Fac Ext Cet Arc Hub Maximum Alert Level 3 | . . . . 3 3 2 1 3 Low Security (%) 43 | 100 100 . . 57 . . 6 26 Level 1 19 | . . . . 18 32 5 93 32 Level 2 29 | . . . . 13 57 94 . 23 Level 3 7 | . . . . 10 10 . . 17 Level 4 . | . . . . . . . . . Level 5 . | . . . . . . . . . High Security . | . . . . . . . . . Max Security . | . . . . . . . . . Peak Influence 900 | 5 85 . . 734 816 562 338 900 Initial 440 | . . . . . 355 440 160 93 Average 278 | 1 25 . . 214 486 466 286 383 Influence Increases 4686 | 15 345 233 . 1308 1121 324 218 1122 Destroy 0b10 Robot/C 2140 | . 180 140 . 640 620 160 80 320 Destroy 0b10 Robot/NC 230 | 15 20 . . 70 75 10 5 35 Destroy Leader 362 | . 58 . . 154 86 . . 64 Allied During Kill 741 | . . 18 . 38 124 140 85 336 Successful Hack 242 | . 12 . . 120 65 7 . 38 Select Force Hacks 30 | . 30 . . . . . . . Disable Machine 270 | . . . . 60 30 . 45 135 Destroy Structure 341 | . 15 . . 76 76 7 3 164 Lose Combat Pursuer 330 | . 30 75 . 150 45 . . 30 Influence Decreases 3907 | 15 345 135 98 581 1061 709 352 611 Entered New Map 1234 | . . . 98 . 372 347 242 175 Time Decay 1966 | 15 345 58 . 391 559 302 90 206 Lost Part 250 | . . . . 110 10 . . 130 Lost Ally 457 | . . 77 . 80 120 60 20 100 Squads Dispatched 28 | . 4 . . 15 5 . . 4 Investigation 13 | . 3 . . 8 2 . . . Extermination 5 | . . . . 4 . . . 1 Reinforcement 7 | . 1 . . 1 3 . . 2 Assault 3 | . . . . 2 . . . 1 Garrison . | . . . . . . . . . Intercept . | . . . . . . . . . Searches Triggered . | . . . . . . . . . Construction Impeded 3 | . . . . . 2 . . 1 Haulers Reinforced . | . . . . . . . . . Active Scanning Responses . | . . . . . . . . . Cargo Convoy Interrupts . | . . . . . . . . . Stealth | -11 -10 -10 -9 -6 -6 -6 -6 -6 --------- Run | Yrd Mat Sub Scr Fac Ext Cet Arc Hub Distress Signals 12 | . 1 . . 3 5 2 1 . Communications Jammed . | . . . . . . . . . Distress Signals . | . . . . . . . . . Times Spotted 177 | . 20 13 . 53 39 9 7 36 Peak Tracking Total 15 | . 4 3 . 12 4 5 2 15 Tactical Retreats 13 | . 2 2 . 5 3 . . 1 Traps | -11 -10 -10 -9 -6 -6 -6 -6 -6 ------- Run | Yrd Mat Sub Scr Fac Ext Cet Arc Hub Traps Triggered 6 | . . 2 . . 4 . . . Indirectly . | . . . . . . . . . Trap Hack Attempts . | . . . . . . . . . Triggered . | . . . . . . . . . Disarmed . | . . . . . . . . . Reprogrammed . | . . . . . . . . . Reused . | . . . . . . . . . Traps Extracted . | . . . . . . . . . Installed . | . . . . . . . . . Triggered . | . . . . . . . . . Machines | -11 -10 -10 -9 -6 -6 -6 -6 -6 ---------- Run | Yrd Mat Sub Scr Fac Ext Cet Arc Hub Machines Disabled 26 | . . 5 . 4 5 . 3 9 Max in Single Turn 7 | . . 1 . 1 1 . 1 7 Garrison Access 2 | . . . . 1 . . . 1 Network Hub 1 | . . . . . . . . 1 Machines Repaired . | . . . . . . . . . Machines Dismantled . | . . . . . . . . . Machines Sabotaged . | . . . . . . . . . Overloaded Fab Kills . | . . . . . . . . . Hacking | -11 -10 -10 -9 -6 -6 -6 -6 -6 --------- Run | Yrd Mat Sub Scr Fac Ext Cet Arc Hub Machines Accessed 51 | . 8 2 3 17 17 1 . 3 Terminals 32 | . 6 . . 7 16 1 . 2 Fabricators . | . . . . . . . . . Repair Stations 3 | . . . . 2 1 . . . Recycling Units 6 | . 2 . . 4 . . . . Scanalyzers 3 | . . . . 3 . . . . Garrison Access 2 | . . . . 1 . . . 1 Total Hacks 146 | . 21 4 21 62 31 1 . 6 Successful 81 | . 9 4 21 31 11 1 . 4 Failed 65 | . 12 . . 31 20 . . 2 Catastrophic 12 | . 1 . . 4 7 . . . Database Lockouts . | . . . . . . . . . Manual 65 | . 18 . . 31 12 1 . 3 Terminals 83 | . 16 . . 32 29 1 . 5 Fabricators . | . . . . . . . . . Repair Stations 5 | . . . . 3 2 . . . Recycling Units 20 | . 5 . . 15 . . . . Scanalyzers 10 | . . . . 10 . . . . Garrison Access 3 | . . . . 2 . . . 1 Terminal Hacks 40 | . 1 4 21 5 8 1 . . Record 19 | . . 3 16 . . . . . Robot Analysis 6 | . 1 . 5 . . . . . Prototype ID Bank 1 | . . . . 1 . . . . Open Door 7 | . . . . . 6 1 . . Locate Traps 2 | . . . . 1 1 . . . Recall Investigation 1 | . . . . . 1 . . . Recall Extermination 1 | . . . . 1 . . . . Zone Layout 2 | . . . . 2 . . . . Proto ID Catalog 1 | . . 1 . . . . . . Fabricator Hacks . | . . . . . . . . . Repair Station Hacks 3 | . . . . 2 1 . . . Scan Component 2 | . . . . 1 1 . . . Repair 1 | . . . . 1 . . . . Recycling Unit Hacks 5 | . 1 . . 4 . . . . Retrieve Matter 1 | . . . . 1 . . . . Retrieve Components 4 | . 1 . . 3 . . . . Scanalyzer 4 | . . . . 4 . . . . Insert Component 3 | . . . . 3 . . . . Analyze 1 | . . . . 1 . . . . Garrison Access Hacks 2 | . . . . 1 . . . 1 Seal Access 2 | . . . . 1 . . . 1 Unauthorized Hacks 27 | . 7 . . 15 2 . . 3 Terminals 21 | . 6 . . 10 2 . . 3 Track 5 | . . . . 2 1 . . 2 Assimilate 2 | . . . . 2 . . . . Botnet 5 | . 1 . . 2 1 . . 1 Operators 2 | . 1 . . 1 . . . . Skim 7 | . 4 . . 3 . . . . Fabricators . | . . . . . . . . . Repair Stations 1 | . . . . 1 . . . . Patch 1 | . . . . 1 . . . . Recycling Units 5 | . 1 . . 4 . . . . Tunnel 1 | . 1 . . . . . . . Fedlink 3 | . . . . 3 . . . . Scrapoids 1 | . . . . 1 . . . . Scanalyzers . | . . . . . . . . . Garrison Access . | . . . . . . . . . Data Cores Recovered . | . . . . . . . . . Used . | . . . . . . . . . Hacking Detections 34 | . 7 . . 13 12 . . 2 Full Trace Events 7 | . 2 . . 3 2 . . . Feedback Events 1 | . . . . 1 . . . . Corruption 1 | . . . . 1 . . . . Feedback Blocked 1 | . . . . 1 . . . . Robot Schematics Acquired . | . . . . . . . . . Robots Built . | . . . . . . . . . Authchips . | . . . . . . . . . Time . | . . . . . . . . . Total Robot Build Rating . | . . . . . . . . . Part Schematics Acquired 1 | . . . . 1 . . . . Parts Built . | . . . . . . . . . Authchips . | . . . . . . . . . Time . | . . . . . . . . . Total Part Build Rating . | . . . . . . . . . Parts Repaired 1 | . . . . 1 . . . . Time 44 | . . . . 44 . . . . Parts Recycled . | . . . . . . . . . Recycled Matter . | . . . . . . . . . Retrieved Matter . | . . . . . . . . . Retrieved Components 1 | . 1 . . . . . . . Parts Scanalyzed 2 | . . . . 2 . . . . Part Schematics Acquired 1 | . . . . 1 . . . . Parts Damaged 1 | . . . . 1 . . . . Bothacking | -11 -10 -10 -9 -6 -6 -6 -6 -6 ------------ Run | Yrd Mat Sub Scr Fac Ext Cet Arc Hub Used RIF Installer . | . . . . . . . . . Robots Hacked 6 | . . . 2 2 1 1 . . Non-combat 2 | . . . . 2 . . . . Combat 4 | . . . 2 . 1 1 . . Robot Hacks Applied 6 | . . . 2 2 1 1 . . parse_system 4 | . . . 2 . 1 1 . . find_chute 2 | . . . . 2 . . . . Relay Couplers Released . | . . . . . . . . . Fabnet Peak Effective % . | . . . . . . . . . Robots Rewired 4 | . . . . . 4 . . . Allies Hacked . | . . . . . . . . . Hacks Repelled . | . . . . . . . . . Allies | -11 -10 -10 -9 -6 -6 -6 -6 -6 -------- Run | Yrd Mat Sub Scr Fac Ext Cet Arc Hub Total Allies 31 | . . 7 . 6 13 5 . . Largest Group 12 | . . 5 . 4 7 12 8 7 Highest-Rated Group 828 | . . 95 . 112 363 828 509 474 Highest-Rated Ally 159 | . . 19 . 28 159 159 96 96 Total Orders 4 | . . . . 2 . . . 2 STAY 2 | . . . . 1 . . . 1 FOLLOW 2 | . . . . 1 . . . 1 Ally Attacks 311 | . . 46 . 61 93 34 20 57 Total Damage 6668 | . . 653 . 943 1814 845 648 1765 Kills 47 | . . 6 . 8 12 6 2 13 Allies Corrupted 2 | . . . . . . . . 2 Allies Melted 1 | . . . . . 1 . . . Intel | -11 -10 -10 -9 -6 -6 -6 -6 -6 ------- Run | Yrd Mat Sub Scr Fac Ext Cet Arc Hub Active Infowar (turns) 11323 | . 845 3541 3329 2161 1071 16 . 360 Sensors 1959 | . . . . 1895 64 . . . Terrain 1 | . . . . . 1 . . . Structural 648 | . . . . 282 350 16 . . Seismic 9977 | . 845 3541 3329 1046 856 . . 360 Robot Analysis Total 6 | . 1 . 5 . . . . . Derelict Logs Recovered 7 | . . 2 5 . . . . . Drone Launches . | . . . . . . . . . Drone Recoveries . | . . . . . . . . . Exploration | -11 -10 -10 -9 -6 -6 -6 -6 -6 ------------- Run | Yrd Mat Sub Scr Fac Ext Cet Arc Hub Turns Passed 14283 | 83 1318 4054 3329 2546 1647 679 191 436 Spaces Moved 8239 | 23 712 2256 2057 1528 961 335 95 272 Core 3 | . . . . . . . 3 . Treads 5440 | . 322 2256 2057 541 144 112 8 . Legs 413 | 23 390 . . . . . . . Wheels 2383 | . . . . 987 817 223 84 272 Hover . | . . . . . . . . . Flight . | . . . . . . . . . Fastest Speed 80 | 120 120 160 160 80 100 110 110 110 Average Speed 145 | 120 138 160 160 123 123 154 162 110 Slowest Speed 1650 | 120 160 160 160 400 240 240 1650 110 Overloaded Moves . | . . . . . . . . . Propulsion Burnouts . | . . . . . . . . . Robots Hopped . | . . . . . . . . . Potential Cave-ins . | . . . . . . . . . Cave-ins Triggered . | . . . . . . . . . Exploration Rate (%) 65 | 4 98 97 87 38 94 72 71 31 Regions Visited 8 Branch Regions 6 Pre-discovered Areas 5 | . 1 1 2 1 . . . . Known Exits Taken 1 | . . . . 1 . . . . Unknown Exits Taken 7 | 1 1 1 1 . 1 1 1 . Scrap Searched 24 | . . 19 5 . . . . . Spaces Dug 45 | . 6 . . 34 2 . . 3 Terrain Destroyed 410 | . 15 40 . 79 81 5 3 187 Melee 22 | . . . . 21 . . . 1 Projectile 112 | . 6 . . 21 61 3 3 18 AOE 273 | . 9 40 . 37 20 . . 167 Terrain Rammed . | . . . . . . . . . Walls Destroyed . | . . . . . . . . . Machines Disabled . | . . . . . . . . . Actions | -11 -10 -10 -9 -6 -6 -6 -6 -6 --------- Run | Yrd Mat Sub Scr Fac Ext Cet Arc Hub Total 9860 | 67 922 2594 2098 1949 1310 449 121 350 Wait 644 | 34 124 193 8 97 144 16 13 15 Move 8231 | 22 711 2255 2056 1527 960 334 94 272 Hop . | . . . . . . . . . Pick Up 106 | 3 9 17 13 37 14 12 1 . Fast Attach 33 | . . 3 1 12 9 5 2 1 Attach 41 | . 1 1 1 21 6 2 . 9 Detach 14 | . . . . 4 4 3 1 2 Swap 179 | . 11 47 4 57 39 13 . 8 Drop 113 | 2 4 19 13 23 25 19 2 6 Fire 441 | 6 59 59 . 135 94 44 8 36 Melee 41 | . . . 2 32 5 1 . 1 Ram 1 | . . . . 1 . . . . Kick 1 | . 1 . . . . . . . Crush 5 | . 2 . . 3 . . . . Escape Stasis 9 | . . . . . 9 . . . Rewire 1 | . . . . . 1 . . . Trap . | . . . . . . . . . Miscellaneous . | . . . . . . . . . Route ------- -11/Scrapyard -10/Materials (discovered 6 exits: [*Mat x3] / [*Min x2] / *Sub) -10/Subcaves (discovered 4 exits: [*Mat x2] / [*Rec] / *Scr) -9/Scraptown (discovered 2 exits: *Fac x2) -6/Factory (discovered 3 exits: *Low x2 / *Ext) -6/Extension (discovered 2 exits: [*Fac] / *Cet) -6/Cetus (discovered 2 exits: [*Fac] / [*Arc]) -6/Archives (discovered 2 exits: [*Fac] / *Hub) -6/Hub_04(d) (discovered 1 exit: [*Fac]) History --------- Turn | Location | Event 1 | -11/Scrapyard | Discovered new exit (range 2) 84 | -11/Scrapyard | Entered Materials 203 | -10/Materials | Discovered new exit (range 10) 306 | -10/Materials | Build established: Mutant 317 | -10/Materials | Discovered new exit (range 13) 530 | -10/Materials | Discovered new exit (range 5) 1209 | -10/Materials | Discovered new exit (range 6) 1298 | -10/Materials | Discovered new exit (range 14) 1389 | -10/Materials | Discovered new exit (range 9) 1402 | -10/Materials | Entered Subcaves 1403 | -10/Subcaves | Approached by a straggling Scientist 1491 | -10/Subcaves | Shifting Twisted Machinery released Battle Rifle 1491 | -10/Subcaves | Discovered new exit (range 7) 1511 | -10/Subcaves | Shifting Twisted Machinery released Sub. Machine Gun 1590 | -10/Subcaves | Disturbed a concealed Subdweller 1596 | -10/Subcaves | Core integrity fell below 50% 2018 | -10/Subcaves | Scientist uncovered a shortcut to Scraptown 2078 | -10/Subcaves | Visited triangular shrine 2088 | -10/Subcaves | Found Prototype Device 2089 | -10/Subcaves | Identified V3-11A's Pendant 2094 | -10/Subcaves | Befriended Subdweller 2145 | -10/Subcaves | Visited Clippyterm 2150 | -10/Subcaves | Learned Factory fabricator intel 2225 | -10/Subcaves | Approached by friendly Subdweller 2380 | -10/Subcaves | Visited 4L-MR0's lab 2409 | -10/Subcaves | Found Gun Armor 2556 | -10/Subcaves | Befriended Subdweller 2556 | -10/Subcaves | Befriended Subdweller 2591 | -10/Subcaves | Shifting Twisted Machinery released Sub. Power Source 2604 | -10/Subcaves | Shifting Twisted Machinery released Piercing Trap 3572 | -10/Subcaves | Ambushed by angry Subdweller bent on revenge 3575 | -10/Subcaves | Befriended Subdweller 3575 | -10/Subcaves | Befriended Subdweller 3619 | -10/Subcaves | Disturbed a concealed Subdweller 3632 | -10/Subcaves | Befriended Subdweller 4061 | -10/Subcaves | Discovered new exit (range 5) 4131 | -10/Subcaves | Disturbed a concealed Subdweller 4293 | -10/Subcaves | Shifting Twisted Machinery released Sub. Laser 4298 | -10/Subcaves | Shifting Twisted Machinery released Scrap Shield 4513 | -10/Subcaves | Build established: Derelict-Mutant 4717 | -10/Subcaves | Discovered new exit (range 12) 4723 | -10/Subcaves | Lost 5 allies 4984 | -10/Subcaves | Build established: Mutant 5456 | -10/Subcaves | Entered Scraptown 5569 | -9/Scraptown | Delivered V3-11A's Pendant to T0-NE2 in exchange for information 5733 | -9/Scraptown | Scanned Subdweller tech in exchange for log data 5736 | -9/Scraptown | Learned Factory stockpile data 5738 | -9/Scraptown | Learned Factory emergency access door positions 5739 | -9/Scraptown | Learned location of Armory (-4) 5741 | -9/Scraptown | Learned location of Quarantine (-2) 5743 | -9/Scraptown | Learned Factory interactive machine intel 5778 | -9/Scraptown | Visited IN-MT5's Study 5799 | -9/Scraptown | Visited Science Testing Area 5810 | -9/Scraptown | Heard Great Nut preacher, LISTEN AND RECITE! 5821 | -9/Scraptown | Visited UFD Registry 5821 | -9/Scraptown | Registered with UFD as "Electrotalker" 5880 | -9/Scraptown | Visited Awakened 5893 | -9/Scraptown | Visited Cyclists 5936 | -9/Scraptown | Visited Symbiants 6155 | -9/Scraptown | Visited Red Mages 6220 | -9/Scraptown | Discovered new exit (range 13) 6411 | -9/Scraptown | Visited Observation Area 6453 | -9/Scraptown | Visited Analyses Database 6489 | -9/Scraptown | Visited Curators Association 6573 | -9/Scraptown | Delivered Scrap Shield to a Scientist 6654 | -9/Scraptown | Visited A0-MCA Data Center 6665 | -9/Scraptown | Given a B- rating by A0-MCA 6673 | -9/Scraptown | Found A0-MCA's Component Scanner 6706 | -9/Scraptown | Visited Research Penetration Think Tank 6742 | -9/Scraptown | Visited Scrap Suit Storage 6766 | -9/Scraptown | Visited Modified Component R&D 6847 | -9/Scraptown | Visited Botcube Research 6879 | -9/Scraptown | Visited LU-1G1's Boring Crew 8689 | -9/Scraptown | Met Optimus 8689 | -9/Scraptown | Accepted into 0bPrime 8781 | -9/Scraptown | Discovered new exit (range 3) 8785 | -9/Scraptown | Entered Factory 8785 | -6/Factory | Evolved 8 slots: Propulsion x3, Utility x5 8788 | -6/Factory | Loaded intel: 55 interactive machine locations 8789 | -6/Factory | Loaded intel: 6 fabricator locations 8814 | -6/Factory | Discovered new exit (range 8) 9216 | -6/Factory | Identified exit to Lower Caves 9217 | -6/Factory | Build established: Scavenger-Mutant 9539 | -6/Factory | Spotted B-75 Beast 9589 | -6/Factory | Found Hvy. Reactive Plating 9609 | -6/Factory | Loaded intel: 8 recycling unit locations 9646 | -6/Factory | Discovered exit to Lower Caves (range 7) 9687 | -6/Factory | Learned location of Protoforge (-2) 9777 | -6/Factory | Lost 3 parts (1p1n1w) 9813 | -6/Factory | Destroyed B-75 Beast 9977 | -6/Factory | Lost 3 parts (1n1u1w) 10118 | -6/Factory | Repaired Med. Reflective Plating 10302 | -6/Factory | Lost 3 parts (1n1u1w) 10324 | -6/Factory | Destroyed 12 combat bots 10769 | -6/Factory | Discovered new exit (range 8) 10885 | -6/Factory | First assault squad dispatched 10888 | -6/Factory | Core integrity fell below 50% 10932 | -6/Factory | Scrapoids reinforcements arrived? 10964 | -6/Factory | Found Scrap Suit 11013 | -6/Factory | Found Scrap Suit 11060 | -6/Factory | Lost 3 allies 11330 | -6/Factory | Identified exit to Extension 11331 | -6/Factory | Entered Extension 11331 | -6/Extension | Accompanied by 1 ally 11334 | -6/Extension | Attached Gun Armor, gained temporary slots: Weapon x2 11621 | -6/Extension | Build established: Scavenger-Scrapper 11774 | -6/Extension | Rescued a captive Derelict 11774 | -6/Extension | Rescued a captive Derelict 11814 | -6/Extension | Rescued a captive Derelict 11814 | -6/Extension | Rescued a captive Derelict 11850 | -6/Extension | Rescued a captive Derelict 11851 | -6/Extension | Rescued a captive Derelict 12085 | -6/Extension | Spotted B-75 Beast 12102 | -6/Extension | Allies destroyed B-75 Beast 12106 | -6/Extension | Disrupted transfer network 12108 | -6/Extension | Spotted B-75 Beast 12127 | -6/Extension | Destroyed B-75 Beast 12167 | -6/Extension | Lost 5 allies 12585 | -6/Extension | Rescued a captive Derelict 12604 | -6/Extension | Rescued A7 12778 | -6/Extension | Rescued a captive Derelict 12918 | -6/Extension | Discovered new exit (range 16) 12919 | -6/Extension | Discovered new exit (range 15) 12978 | -6/Extension | Entered Cetus 12978 | -6/Cetus | Accompanied by 7 allies (A7) 12983 | -6/Cetus | Acquired a Cetus Manufacturing Module code from A7 12993 | -6/Cetus | Spotted Cetus Guard 12994 | -6/Cetus | Spotted Cetus Guard 12996 | -6/Cetus | Spotted Cetus Guard 12996 | -6/Cetus | Spotted Cetus Guard 13001 | -6/Cetus | Destroyed Cetus Guard 13001 | -6/Cetus | Destroyed Cetus Guard 13001 | -6/Cetus | Destroyed Cetus Guard 13001 | -6/Cetus | Allies destroyed Cetus Guard 13138 | -6/Cetus | Escorted A7 to Cetus Mainframe 13160 | -6/Cetus | Started Cetus Manufacturing Module 13185 | -6/Cetus | Manufactured an Enhanced Grunt 13210 | -6/Cetus | Manufactured an Enhanced Grunt 13235 | -6/Cetus | Manufactured an Enhanced Grunt 13260 | -6/Cetus | Manufactured an Enhanced Grunt 13285 | -6/Cetus | Manufactured an Enhanced Grunt 13348 | -6/Cetus | Discovered new exit (range 16) 13372 | -6/Cetus | Spotted Cetus Guard 13372 | -6/Cetus | Spotted Cetus Guard 13375 | -6/Cetus | Spotted Cetus Guard 13375 | -6/Cetus | Spotted Cetus Guard 13391 | -6/Cetus | Allies destroyed Cetus Guard 13394 | -6/Cetus | Allies destroyed Cetus Guard 13394 | -6/Cetus | Allies destroyed Cetus Guard 13396 | -6/Cetus | Allies destroyed Cetus Guard 13403 | -6/Cetus | Discovered new exit (range 15) 13410 | -6/Cetus | Met Revision 17 13422 | -6/Cetus | Lost 3 allies 13631 | -6/Cetus | Murdered A7 13632 | -6/Cetus | Extracted ID and sensor layout for unrecognized location from A7's data core 13644 | -6/Cetus | Found Med. Regenerative Plating 13657 | -6/Cetus | Entered Archives 13657 | -6/Archives | Accompanied by 8 allies 13791 | -6/Archives | Discovered new exit (range 16) 13802 | -6/Archives | Discovered new exit (range 16) 13848 | -6/Archives | Entered Hub_04(d) 13848 | -6/Hub_04(d) | Accompanied by 7 allies 13850 | -6/Hub_04(d) | Discovered new exit (range 11) 14198 | -6/Hub_04(d) | First assault squad dispatched 14208 | -6/Hub_04(d) | Network Hub disabled 14209 | -6/Hub_04(d) | Spotted Lightning 14213 | -6/Hub_04(d) | Spotted Lightning 14229 | -6/Hub_04(d) | Spotted Lightning 14232 | -6/Hub_04(d) | System corruption reached 10% 14234 | -6/Hub_04(d) | Spotted Lightning 14235 | -6/Hub_04(d) | Spotted Lightning 14237 | -6/Hub_04(d) | Spotted Lightning 14253 | -6/Hub_04(d) | Core integrity fell below 20% 14259 | -6/Hub_04(d) | Lost 5 allies 14261 | -6/Hub_04(d) | Destroyed Lightning 14263 | -6/Hub_04(d) | System corruption reached 30% 14284 | -6/Hub_04(d) | Destroyed by Lightning with EMDS Last Messages --------------- 14277_ Hvy. Missile intercepted. 14277_ Penetrated by EMDS Slug. 14278_ K-01 Serf collects debris. 14278_ Slug penetrates Wall. 14278_ Penetrated by Slug. 14279_ K-01 Serf collects debris. 14279_ Dropped Hcp. Storage Unit. 14280_ Dropped Scrap Suit. 14280_ K-01 Serf collects debris. 14281_ System corrupted: Energy discharge (-26). 14281_ Dropped Hvy. Missile Launcher. 14282_ Dropped Hyp. Gauss Rifle. 14282_ K-01 Serf collects debris. 14282_ Penetrated by EMDS Slug. 14283_ K-01 Serf collects debris. 14283_ Penetrated by EMDS Slug. 14283_ K-01 Serf collects debris. 14283_ Penetrated by EMDS Slug. 14284_ K-01 Serf collects debris. 14284_ Penetrated by EMDS Slug. Map ----- +----------------------------------------------------+ | | | | | | | | | | | | | | | | | | | | | | | | | | | | | | | ??????######;;###############????????? | | ??????# # #????????? | | ??????# # #????????? | | ??????# # #????????? | | ??????? # #??????### | | ???#####;#;#;;#?# #????? | | # # = ### #????? | | ? ; [ !*!!!; # ##### | | ???# [%!]%%!%;;######/##/### # | | ?# ; !=kh%%*=%/] + | | ???#k!%%k!]/=@=!] * # "T" | | ???#]%hk!====![= i # """ | | ???#=!!ik ! ![ h ^ !* #? | | ??# *%#=#k hh *!% ##"### | | ?#;?????# *! ##^ [=%!! ####?? | | ??????? ; !%= # %=%== #?? | | ??????;;;;;;]!= #######%|! #?? | | ????? ; h * #?????#=!% ### | | ???? ; *;;;;;????# [ | | ???# ; ; ?? " ##+##+ | | ???# ; R ; # # =% | | ???# ; % ;p # # *[ | | ???? ; ; "" ?# # [ | | ??????; ; """" ?# # ! | | ????????? #? """"??+ ###### | | ??????????? #???""???# ## | | ???????????????? #????????# ## | | ?????????????????#?????????+ < | | ???????????????????????????##"#### | | ????????????????????????????? ??# | | ????????????????????????????? !??###+# | | ????????????????????????????? ??????? | | ????????????????????????????? ??????? | | ????????????????????????????? ??????? | | ?????????????????????????????????????? | +----------------------------------------------------+ Best States ------------- Heat Dissipation 64 Energy Generation 25 Energy Capacity 350 Matter Stores 300 Matter Capacity 300 Sight Range 16 Robot Scan Range 15 Terrain Scan Density 10 Armor Coverage 1020 Resistance: KI 40 Resistance: TH 15 Propulsion Shielding 90 Phase Shifting 10 Evasion (%) 55 Target Analysis 6 Recoil Reduction 4 Defensive Hacking 12 Item Schematics ----------------- Ovr. Huge Scrapsphere | -6/Factory | Scanalyzed Robot Schematics ------------------ None Fabricated ------------ Nothing Repaired ---------- Med. Reflective Plating | 13% | -6/Factory Alien Tech Used ----------------- None Achievements -------------- None Challenges ------------ None Game ------ Seed ElectrostormInertialShovel Manual? 0 Play Time 02:29:36 Cumulative 432.7 hours Start 2025.06.07 @ 10:03:09 End 2025.06.07 @ 16:17:08 Sessions 5 Manual Loads 0 Difficulty Rogue Special Mode None Game No. 218 Rogue 155 Adventurer 63 Explorer 0 Win Type - Total 9 Types 8/0/0/1/0/0/0/0/0/0 Lore% 87 Gallery% 79 Achievement% 66 Wizard Run 0 Options --------- Layout 0 ASCII 0 Keyboard 1 Movement Numpad Keybinds 0 Fullscreen 1 Font 18/Terminus Map View 76x50 Zoom Use 1% Tactical HUD 1 Map Filters NONE Filters NONE Steam 1 RUN: 2372206c-2f4e-4e4e-a3e2-5ddc48f06a30